details: 'last-minute double backstab helps a random bser save face'

« prev index next »

General information

Mini Map

Players

team 1
Random» Orclisten_2_blink (blue | 44 APM | 1089 actions | 24:34)
Hero icon 5 Far Seer
Ability icon 3 Feral Spirit
Ability icon 2 Chain Lighting
Hero icon 2 Tauren Chieftain
Ability icon 1 War Stomp
Ability icon 1 Endurance Aura

» actions
Assign group hotkey30
Basic commands9
Build / train65
Enter build submenu24
Enter hero's abilities submenu7
Remove unit from queue2
Right click306
Select / deselect359
Select group hotkey209
Use ability78
1089 total
» units
Peon13
Grunt3
Troll Headhunter/Berserker4
Troll Batrider11
Shaman4
Tauren4
Goblin Zeppelin1
40 total
» upgrades
Armor1
Shaman Training2
Reinforced Defenses1
Spiked Barricades1
Liquid Fire1
Pulverize1
7 total
» buildings
Altar of Storms1
Orc Burrow9
War Mill1
Barracks1
Watch Tower4
Stronghold1
Voodoo Lounge3
Spirit Lodge1
Fortress1
Beastiary1
Tauren Totem2
Great Hall1
26 total
» build order
00:09 Altar of Storms
00:15 Orc Burrow
00:59 War Mill
01:29 Barracks
03:31 Orc Burrow
04:28 Watch Tower
04:37 Watch Tower
05:23 Orc Burrow
05:56 Stronghold
06:04 Watch Tower
06:51 Orc Burrow
07:08 Voodoo Lounge
08:16 Orc Burrow
08:21 Spirit Lodge
08:22 Fortress
09:12 Beastiary
09:53 Watch Tower
11:13 Tauren Totem
12:44 Tauren Totem
12:49 Orc Burrow
13:17 Orc Burrow
13:47 Great Hall
14:09 Orc Burrow
15:44 Orc Burrow
21:54 Voodoo Lounge
22:32 Voodoo Lounge
» items
Scroll of Regeneration2
Healing Salve1
Lesser Clarity Potion1
Potion of Mana1
5 total
HumanTicTacToe (green | 47 APM | 1157 actions | 24:37)
Hero icon 5 Mountain King
Ability icon 3 Storm Bolt
Ability icon 1 Bash
Ability icon 1 Thunder Clap
Hero icon 2 Paladin
Ability icon 1 Holy Light
Ability icon 1 Divine Shield
Hero icon 1 Blood Mage
Ability icon 1 Siphon Mana

» actions
Assign group hotkey19
Basic commands89
Build / train96
ESC pressed3
Enter build submenu13
Enter hero's abilities submenu7
Give item / drop item2
Remove unit from queue2
Right click442
Select / deselect297
Select group hotkey57
Use ability130
1157 total
» units
Peasant27
Goblin Shredder1
Footman2
Spell Breaker5
Knight4
Dragonhawk Rider7
46 total
» upgrades
Plating3
Swords3
Masonry2
Magic Sentry1
Animal War Training1
Long Rifles1
Control Magic1
Cloud1
13 total
» buildings
Altar of Kings1
Farm8
Scout Tower1
Arcane Tower2
Arcane Vault1
Keep1
Lumber Mill1
Blacksmith1
Barracks1
Arcane Sanctum1
Castle2
Gryphon Aviary1
21 total
» build order
00:13 Altar of Kings
01:04 Farm
01:06 Farm
01:08 Scout Tower
01:49 Arcane Tower
03:12 Arcane Vault
03:17 Farm
05:19 Keep
06:17 Farm
06:47 Lumber Mill
07:20 Blacksmith
07:42 Barracks
09:07 Arcane Sanctum
09:15 Castle
09:16 Castle
09:51 Farm
09:52 Farm
09:53 Farm
09:54 Farm
14:21 Gryphon Aviary
» items
Sacrificial Skull1
Dust of Appearance1
Lesser Clarity Potion4
Scroll of Regeneration1
Scroll of Town Portal2
Staff of Sanctuary1
Potion of Healing1
11 total
Random» Undeadnightdemon (pink | 39 APM | 1437 actions | 36:29)
Hero icon 5 Death Knight
Ability icon 1 Death Coil
Ability icon 3 Unholy Aura
Ability icon 1 Death Pact
Hero icon 4 Lich
Ability icon 2 Frost Nova
Ability icon 1 Frost Armor
Ability icon 1 Dark Ritual

» actions
Basic commands3
Build / train97
Enter build submenu32
Enter hero's abilities submenu9
Remove unit from queue1
Right click767
Select / deselect461
Use ability67
1437 total
» units
Acolyte12
Ghoul12
Crypt Fiend22
Frost Wyrm2
Gargoyle6
Priest7
61 total
» upgrades
Cannibalize1
Creature Attack3
Creature Carapace3
Web1
Freezing Breath1
9 total
» buildings
Crypt3
Altar of Darkness1
Ziggurat10
Necropolis1
Tomb of Relics1
Graveyard1
Spirit Tower8
Halls of the Dead1
Slaughterhouse1
Black Citadel1
Sacrificial Pit1
Boneyard2
31 total
» build order
00:07 Crypt
00:12 Altar of Darkness
00:26 Ziggurat
04:11 Necropolis
04:23 Ziggurat
04:29 Ziggurat
04:35 Tomb of Relics
06:08 Ziggurat
06:13 Graveyard
06:32 Ziggurat
08:01 Spirit Tower
08:38 Spirit Tower
08:45 Ziggurat
08:52 Ziggurat
09:35 Halls of the Dead
09:49 Ziggurat
10:04 Spirit Tower
10:20 Spirit Tower
10:23 Spirit Tower
10:56 Spirit Tower
14:07 Ziggurat
15:14 Spirit Tower
15:19 Ziggurat
17:21 Crypt
17:24 Spirit Tower
17:31 Slaughterhouse
17:49 Black Citadel
18:54 Sacrificial Pit
20:15 Boneyard
22:08 Boneyard
35:26 Crypt
» items
Rod of Necromancy1
Potion of Healing2
Scroll of Town Portal2
5 total
NightElfAceboy44 (yellow | 8 APM | 303 actions | 36:32)

» actions
Basic commands14
Build / train1
Enter build submenu3
Right click93
Select / deselect175
Use ability17
303 total
» units
Wisp1
1 total
» buildings
Ancient of War2
Ancient of Wonders1
3 total
» build order
00:48 Ancient of War
00:50 Ancient of War
01:02 Ancient of Wonders
team 2
OrcCelata420 (red | 38 APM | 1398 actions | 36:32)
Hero icon 4 Far Seer
Ability icon 2 Feral Spirit
Ability icon 2 Chain Lighting
Hero icon 3 Shadow Hunter
Ability icon 2 Healing Wave
Ability icon 1 Hex
Hero icon 1 Death Knight
Ability icon 1 Death Coil
Hero icon 2 Crypt Lord
Ability icon 1 Carrion Beetles
Ability icon 1 Impale

» actions
Build / train73
Enter build submenu21
Enter hero's abilities submenu11
Give item / drop item1
Remove unit from queue3
Right click810
Select / deselect406
Use ability72
1398 total
» units
Peon8
Wind Rider16
Shaman18
Frost Wyrm2
44 total
» upgrades
Pillage0
Ranged Weapons1
Armor1
Shaman Training2
Envenomed Spears1
5 total
» buildings
Orc Burrow8
Altar of Storms1
War Mill1
Voodoo Lounge1
Stronghold1
Fortress1
Beastiary1
Spirit Lodge1
Ziggurat4
19 total
» build order
00:15 Orc Burrow
00:26 Altar of Storms
01:52 Orc Burrow
02:36 War Mill
02:54 Voodoo Lounge
03:48 Stronghold
04:05 Orc Burrow
05:36 Orc Burrow
06:26 Fortress
06:45 Beastiary
07:00 Spirit Lodge
08:09 Orc Burrow
09:51 Orc Burrow
12:37 Orc Burrow
13:31 Orc Burrow
18:38 Ziggurat
18:41 Ziggurat
18:43 Ziggurat
18:45 Ziggurat
» items
Potion of Mana1
Potion of Healing1
Lesser Clarity Potion1
Healing Salve1
Scroll of Town Portal1
5 total
Humancakefarter.com (orange | 70 APM | 2553 actions | 36:33)
Hero icon 6 Archmage
Ability icon 3 Blizzard
Ability icon 2 Brilliance Aura
Ability icon 1 Mass Teleport
Hero icon 1 Death Knight
Ability icon 1 Death Coil
Hero icon 5 Blood Mage
Ability icon 3 Flame Strike
Ability icon 1 Banish
Ability icon 1 Summon Phoenix
Hero icon 4 Mountain King
Ability icon 3 Storm Bolt
Ability icon 1 Thunder Clap

» actions
Assign group hotkey52
Basic commands197
Build / train119
ESC pressed4
Enter build submenu45
Enter hero's abilities submenu15
Give item / drop item4
Right click838
Select / deselect405
Select group hotkey623
Use ability251
2553 total
» units
Peasant17
Goblin Shredder2
Gryphon Rider11
Sorceress2
Dragonhawk Rider2
34 total
» upgrades
Masonry3
Sorceress Training2
Swords3
Storm Hammers1
Armor1
Animal War Training1
Magic Sentry1
Cloud1
13 total
» buildings
Altar of Kings1
Farm15
Arcane Vault1
Lumber Mill1
Scout Tower23
Arcane Tower2
Guard Tower11
Keep3
Castle1
Spirit Tower1
Arcane Sanctum1
Gryphon Aviary4
Town Hall3
Blacksmith1
Barracks1
Workshop5
74 total
» build order
00:07 Altar of Kings
00:25 Farm
00:46 Arcane Vault
01:02 Farm
01:21 Lumber Mill
01:41 Scout Tower
02:09 Farm
02:13 Arcane Tower
02:27 Scout Tower
02:59 Arcane Tower
03:03 Scout Tower
03:03 Scout Tower
03:04 Scout Tower
03:05 Scout Tower
03:08 Farm
03:41 Guard Tower
04:16 Guard Tower
05:01 Keep
05:01 Keep
05:01 Keep
05:20 Farm
06:17 Scout Tower
06:17 Scout Tower
06:25 Farm
06:52 Guard Tower
07:25 Castle
07:26 Spirit Tower
09:02 Arcane Sanctum
09:03 Gryphon Aviary
09:03 Gryphon Aviary
09:09 Town Hall
09:12 Scout Tower
09:13 Scout Tower
09:14 Scout Tower
09:16 Scout Tower
09:18 Scout Tower
09:51 Guard Tower
09:54 Scout Tower
11:09 Blacksmith
11:26 Gryphon Aviary
12:55 Guard Tower
13:08 Farm
13:29 Scout Tower
13:46 Farm
13:51 Farm
13:59 Gryphon Aviary
14:01 Guard Tower
14:22 Farm
14:22 Farm
15:37 Guard Tower
17:40 Barracks
20:46 Workshop
20:46 Workshop
20:50 Workshop
20:51 Workshop
20:55 Workshop
24:47 Farm
24:48 Farm
24:49 Farm
24:52 Farm
34:08 Town Hall
34:12 Scout Tower
34:12 Scout Tower
34:13 Scout Tower
34:14 Scout Tower
34:15 Scout Tower
34:16 Scout Tower
34:17 Scout Tower
34:18 Scout Tower
34:54 Guard Tower
35:02 Guard Tower
35:13 Guard Tower
35:17 Town Hall
35:37 Guard Tower
» items
Scroll of Regeneration7
Lesser Clarity Potion3
Scroll of Town Portal7
Potion of Healing7
Staff of Sanctuary4
Orb of Fire1
Potion of Mana1
30 total
NightElfSouthElf (teal | 36 APM | 1314 actions | 36:32)
Hero icon 5 Demon Hunter
Ability icon 1 Immolation
Ability icon 1 Mana Burn
Ability icon 3 Evasion
Hero icon 1 Death Knight
Ability icon 1 Unholy Aura
Hero icon 1 Crypt Lord
Ability icon 1 Impale

» actions
Build / train74
Enter build submenu34
Enter hero's abilities submenu7
Right click801
Select / deselect343
Use ability55
1314 total
» units
Wisp12
Acolyte1
Archer8
Ghoul6
Chimaera11
Frost Wyrm5
Hippogryph2
45 total
» upgrades
Creature Attack3
Strength of the Wild3
Freezing Breath1
Corrosive Breath1
Creature Carapace1
Reinforced Hides1
Well Spring1
11 total
» buildings
Altar of Elders1
Moon Well6
Ancient of War1
Altar of Darkness1
Ziggurat7
Tomb of Relics1
Ancient of Wonders1
Graveyard2
Halls of the Dead1
Tree of Ages1
Black Citadel1
Tree of Eternity2
Ancient of Wind1
Sacrificial Pit1
Hunter's Hall1
Chimaera Roost3
Boneyard5
36 total
» build order
00:34 Altar of Elders
00:41 Moon Well
00:53 Ancient of War
01:55 Altar of Darkness
01:58 Ziggurat
02:03 Tomb of Relics
02:12 Moon Well
02:34 Ancient of Wonders
04:13 Moon Well
04:34 Graveyard
04:40 Graveyard
06:14 Ziggurat
06:15 Halls of the Dead
06:25 Tree of Ages
08:37 Black Citadel
08:53 Moon Well
08:54 Tree of Eternity
08:54 Tree of Eternity
08:59 Moon Well
09:07 Ancient of Wind
09:43 Sacrificial Pit
10:02 Hunter's Hall
10:06 Moon Well
11:19 Chimaera Roost
11:43 Chimaera Roost
11:48 Chimaera Roost
12:51 Boneyard
12:53 Boneyard
12:57 Boneyard
13:01 Boneyard
13:04 Boneyard
14:22 Ziggurat
14:26 Ziggurat
17:20 Ziggurat
17:24 Ziggurat
17:26 Ziggurat
» items
Potion of Healing1
Scroll of Town Portal1
Orb of Venom1
3 total
Random» UndeadNightTime1 (purple | 41 APM | 14 actions | 00:20)

» actions
Build / train2
Enter build submenu2
Right click4
Select / deselect4
Use ability2
14 total
» units
Acolyte2
2 total
» buildings
Ziggurat1
Crypt1
2 total
» build order
00:07 Ziggurat
00:11 Crypt

Chat log

(00:09 / All) Aceboy44: BLUE
(00:11 / All) Aceboy44: DIE
(00:17 / Allies) SouthElf: o god.
(00:19 / All) Aceboy44: COME ALL
(00:20 / Allies) SouthElf: annoying
(00:20 / All) Aceboy44: I TK BLUE
(00:23 / All) Aceboy44: STAY
(00:24 / All) Aceboy44: I TK
(00:25 / Allies) SouthElf: hes TKING
(00:26 / All) Aceboy44: BLUE
(00:28 / Allies) SouthElf: stay
(00:29 / Allies) SouthElf: stay
(00:30 / Allies) SouthElf: hes tking
(01:05 / Allies) SouthElf: he really is tking
(01:16 / Allies) SouthElf: just had him last game

(02:23 / All) Aceboy44: come
(02:25 / All) Aceboy44: bottoM
(02:26 / All) Aceboy44: CORNER
(02:32 / All) Aceboy44: BLUE ALMOST DEAD
(02:33 / All) Aceboy44: SEND
(02:34 / All) Aceboy44: HEROS
(02:36 / All) Aceboy44: IMMEDIATELY
(02:37 / All) Aceboy44: DIE BLUE
(02:45 / All) Aceboy44: WHAT GOES AROUND COMES AROUND
(02:48 / All) Aceboy44: LMFAO
(02:50 / All) Aceboy44: NICE TP
(02:53 / All) Aceboy44: ADDED PINK
(02:55 / All) Aceboy44: TO MY TK LIST
(02:59 / All) SouthElf: actually i rmeember him tking one time im pretty sure
(03:00 / All) Aceboy44: SUCCESSFULLY ADDED NIGHTDEMON
(03:02 / All) Aceboy44: TO TK LIST
(03:10 / All) Aceboy44: im glad teal confirmed my story
(03:11 / All) Aceboy44: Teal
(03:14 / All) Aceboy44: kill blue
(03:17 / All) Aceboy44: bottom corner
(03:18 / All) SouthElf: im pretty sure he is a tker
(03:23 / All) Aceboy44: he is
(03:29 / All) SouthElf: cant say for sure
(03:31 / All) SouthElf: but ya
(03:35 / All) Aceboy44: i did all i can
(03:38 / All) Aceboy44: Rest is on u guys
(03:40 / All) Aceboy44: Good luck
(03:43 / All) Aceboy44: i stay in case we win
(03:45 / All) listen_2_blink: yellow too noob to tk
(03:46 / All) Aceboy44: Cuz this my main acc
(03:48 / All) listen_2_blink: lol
(03:52 / All) listen_2_blink: owned him and stle his mine
(03:57 / All) SouthElf: lmaoooo
(04:01 / All) listen_2_blink: hahaha
(04:17 / Allies) SouthElf: go
(04:19 / Allies) SouthElf: hes not kidding

(05:27 / All) SouthElf: leave
(05:29 / All) SouthElf: next game
(06:03 / All) SouthElf: lmfao jokes
(06:50 / All) SouthElf: ahhahahhahaha
(06:53 / Allies) Celata420: techin wat

(10:15 / Allies) SouthElf: lezgo
(10:17 / Allies) SouthElf: this is fucking dumb
(10:19 / Allies) SouthElf: 3 v 4
(10:19 / Allies) SouthElf: lol
(10:33 / Allies) Celata420: lum for bloodlust plz

(12:13 / Allies) SouthElf: b
(12:21 / All) Aceboy44: wow u guys havent won yet?
(12:30 / All) Celata420: 3v4 wat
(12:31 / All) Aceboy44: perhaps i shouldd'nt have helped u after all
(12:34 / All) Aceboy44: 3v3
(12:38 / All) Aceboy44: do u see me playing?
(12:39 / All) Aceboy44: Nope
(12:41 / All) Aceboy44: Fair 3v3
(13:06 / All) Aceboy44: And why does purple have 4k gold?
(13:11 / All) Aceboy44: u guys r very pro......
(13:20 / All) SouthElf: ok dude we get it
(13:22 / All) SouthElf: u hack
(13:23 / All) SouthElf: cool
(13:29 / All) Aceboy44: my point
(13:32 / All) Aceboy44: WHY U HAVENT WON
(13:33 / All) Aceboy44: YET
(13:34 / All) Aceboy44: DUH
(13:35 / All) SouthElf: cool bro!
(13:42 / All) Aceboy44: o ok ur not even worth helping
(13:48 / All) Aceboy44: i might as well add u to my tk list
(13:51 / All) Aceboy44: For wasting my time
(13:58 / All) SouthElf: hows pinks base
(14:03 / All) SouthElf: o shit he has 2
(14:06 / All) SouthElf: i though tblue
(14:07 / All) Aceboy44: u dont deserve help from me
(14:08 / All) SouthElf: took urs
(14:46 / All) Aceboy44: GG 4 u
(14:50 / All) Aceboy44: thx 4 playing
(14:53 / All) Aceboy44: i get ma free win
(14:54 / All) Aceboy44: Tehehehehe
(15:03 / All) Aceboy44: kk afk till i get my win
(15:10 / All) Aceboy44: blue i got a win so im a winner
(15:13 / All) listen_2_blink: ya yall suck
(15:20 / All) listen_2_blink: 3v4
(15:21 / All) SouthElf: nah we are just bsing
(15:24 / All) SouthElf: bored
(15:41 / Allies) SouthElf: red tp in ok??
(15:42 / Allies) SouthElf: or walk
(15:48 / Allies) SouthElf: TPING
(15:49 / Allies) SouthElf: TPING
(16:31 / All) SouthElf: i cant even play
(17:21 / All) Celata420: nice win
(18:20 / All) SouthElf: lets creep the map
(18:22 / All) SouthElf: then win

(20:41 / Allies) SouthElf: b a little

(21:57 / Allies) Celata420: whoever is controllinng purp in battle is hurting us more than anything
(22:31 / Allies) Celata420: stop feeeding
(22:39 / Allies) SouthElf: come
(22:42 / Allies) Celata420: idiot
(22:44 / Allies) Celata420: omfg
(22:51 / Allies) Celata420: idiot off them
(22:54 / Allies) Celata420: they are aa
(23:05 / Allies) Celata420: wow
(23:07 / Allies) Celata420: retard
(23:11 / Allies) Celata420: stop controlling pur
(23:23 / All) Aceboy44: about time
(23:26 / All) Aceboy44: Like DUH
(23:30 / All) Aceboy44: Took u guys 25 minutes
(23:32 / All) Aceboy44: and counting
(23:46 / All) SouthElf: too many noobs play this game
(23:48 / All) Celata420: nice win yello
(23:55 / All) Aceboy44: i win either way red
(24:01 / All) Aceboy44: victory = 1) make blue lose
(24:06 / All) Aceboy44: 2) I get win on this acc
(24:09 / All) Aceboy44: so either case i won
(24:11 / All) Aceboy44: :)
(24:20 / All) Aceboy44: TEHEHEHEH
(24:37 / All) Aceboy44: ROFL
(24:38 / All) Aceboy44: ROFL
(24:43 / All) Aceboy44: PINK LEAVE
(24:46 / All) Aceboy44: SO I CAN MAKE SURE
(24:46 / All) SouthElf: dumb game
(24:47 / All) Aceboy44: BLUE LOSE
(24:56 / All) Aceboy44: teal has 1555 gold
(24:58 / All) Aceboy44: 4k wood
(24:58 / Allies) Celata420: stop controlling purp
(25:01 / Allies) Celata420: u fucking dumb fuck
(25:04 / All) Aceboy44: Going for pink's expo
(25:14 / Allies) SouthElf: bad mouth red
(25:16 / All) Aceboy44: DONT PING
(25:17 / All) Aceboy44: PURPLE BASE
(25:19 / All) Aceboy44: TEHEHEHEH
(25:41 / All) Aceboy44: No micro?
(25:43 / All) Aceboy44: GG red n purple
(25:44 / All) Aceboy44: ROFL
(25:50 / All) SouthElf: LMFAO
(25:52 / All) SouthElf: im afk
(25:54 / All) SouthElf: goodluck boys
(25:55 / All) Aceboy44: LMFAO
(26:08 / All) Aceboy44: LIES
(26:10 / All) Aceboy44: UR NOT AFK
(26:13 / All) Aceboy44: UR CLIKCING ON CHIM
(26:41 / All) Aceboy44: wow red
(26:44 / All) Aceboy44: pathetic
(26:46 / All) Celata420: game is over
(26:47 / All) Aceboy44: I WILL DROP
(26:48 / All) Aceboy44: CLICK DROP
(26:57 / All) Celata420: 1/2 game ppl controlling purp and feeding with the frosts
(27:01 / All) Celata420: while im in battle
(27:03 / All) Aceboy44: LOL
(27:06 / All) Celata420: cant micro
(27:08 / All) Celata420: if i wanted 2
(27:13 / All) Aceboy44: ROFL
(27:14 / All) Aceboy44: RED
(27:16 / All) Aceboy44: U GOT TKED
(27:17 / All) Aceboy44: WTF
(27:17 / All) Aceboy44: LOL
(27:21 / All) Celata420: ik
(27:30 / All) Aceboy44: WTF OJ
(27:31 / All) Aceboy44: LOL
(27:33 / All) Aceboy44: UNSUMMON
(27:34 / All) Aceboy44: PURPLE
(27:36 / All) Aceboy44: HELP ME WIN
(27:38 / All) Aceboy44: U TOOL
(27:46 / All) Aceboy44: UNSUMMON
(27:48 / All) Aceboy44: PURPLE
(28:20 / All) Aceboy44: ROFL
(28:33 / Allies) SouthElf: is he trying to kick me
(28:43 / All) Aceboy44: ROFL
(28:44 / All) Aceboy44: GG
(28:55 / All) Aceboy44: DAYUM
(28:56 / All) Aceboy44: LOL
(29:00 / All) Aceboy44: OJJ FOR PREZ
(29:01 / All) Aceboy44: 2016
(29:45 / All) SouthElf: whered u get maphack?
(29:48 / All) Aceboy44: i think u guys r screwed
(29:50 / All) Aceboy44: i purchased
(29:53 / All) Aceboy44: From private source
(29:58 / All) Aceboy44: in europe server
(30:05 / All) Aceboy44: 3 yrs ago
(30:14 / All) SouthElf: damn i used to have it years ago
(30:19 / All) Aceboy44: zmap?
(30:22 / All) SouthElf: ye
(30:52 / All) Aceboy44: PINK
(30:53 / All) Aceboy44: EXPO
(30:54 / All) Aceboy44: EXPO
(30:55 / All) Aceboy44: NOW
(31:15 / All) Aceboy44: GG PINK
(31:24 / All) Aceboy44: what goes around comes around
(31:25 / All) SouthElf: is he here??
(31:28 / All) Aceboy44: ya
(32:02 / All) Aceboy44: LOL
(32:03 / All) Aceboy44: TEA
(32:04 / All) Aceboy44: TEAL
(32:05 / All) Aceboy44: ROFL
(32:07 / All) Aceboy44: ROFL
(32:09 / All) SouthElf: what
(32:11 / All) Aceboy44: OJ
(32:13 / All) Aceboy44: TKING u
(32:21 / All) SouthElf: he was???
(32:24 / All) Aceboy44: ya
(32:25 / All) Aceboy44: ur chim
(32:26 / All) Aceboy44: is gone
(32:29 / All) Aceboy44: LOOK
(32:29 / All) Aceboy44: AT
(32:30 / Allies) Celata420: L?
(32:30 / All) Aceboy44: PURPLE
(32:33 / All) Aceboy44: LOL
(32:40 / All) Celata420: oj is an idiot
(32:41 / All) Aceboy44: TEAL
(32:42 / All) Aceboy44: UR
(32:43 / All) Aceboy44: BASE
(32:47 / All) SouthElf: im going afk
(32:50 / All) Aceboy44: ROFL
(32:51 / All) SouthElf: brb
(32:52 / All) Aceboy44: OJ
(32:55 / All) Aceboy44: UR FUNNY MAN
(33:29 / All) Celata420: now i got no dk to heal frost
(33:34 / All) Aceboy44: ROFL
(33:34 / All) Celata420: dumb ass oj
(33:37 / All) Aceboy44: OJ
(33:38 / All) Aceboy44: LOL
(34:02 / All) Aceboy44: GG teal
(34:03 / All) Aceboy44: LOL
(34:43 / All) Celata420: ....
(34:46 / All) Aceboy44: LOL
(34:47 / All) Aceboy44: RED
(34:53 / All) Aceboy44: why cancel?
(34:54 / All) Celata420: destroyed mine
(34:56 / All) Aceboy44: Expo?
(34:57 / All) Celata420: oj did
(34:59 / All) Aceboy44: o
(35:00 / All) Aceboy44: Lol
(35:01 / All) Celata420: hes a fuckin idiot
(35:04 / All) Aceboy44: +1
(35:07 / All) Celata420: he isnt even good tbh
(35:16 / All) Aceboy44: na hes good
(35:30 / All) Celata420: just going to afk for win tbh
(35:33 / All) Aceboy44: lol
(35:34 / All) Celata420: goin for a wank
(35:35 / All) Aceboy44: Thats gay
(35:37 / All) Celata420: pce
(35:38 / All) Aceboy44: Find a nother game
(35:39 / All) Aceboy44: better
(35:40 / All) Aceboy44: Lol
(36:11 / All) Aceboy44: GG
(36:19 / All) Aceboy44: GO
(36:20 / All) Aceboy44: HES ALONE